 Dungeon Crawl Stone Soup version 0.30.0-5-g1a98f26d00 (webtiles) character file.

Game seed: 13114428401943193310

541059 greasedhog the Conqueror (level 25, -8/187 HPs)
             Began as a Gargoyle Berserker on May 10, 2023.
             Was the Champion of Trog.
             Mangled by a black draconian
             ... wielding a +0 glaive
              (19 damage)
             ... on level 1 of the Realm of Zot.
             The game lasted 01:55:57 (39051 turns).

greasedhog the Conqueror (Gargoyle Berserker)      Turns: 39051, Time: 01:55:58

Health: -8/187     AC: 68    Str: 28    XL:     25   Next: 99%
Magic:  23/23      EV:  8    Int: 15    God:    Trog [******]
Gold:   903        SH: 23    Dex: 12    Spells: 24/24 levels left

rFire   + + +        a - +16 obsidian axe {drain, demonic, Mesm Drain Fly SInv}
rCold   + + +        C - +1 tower shield {AC+3}
rNeg    + + +        F - +12 gold dragon scales
rPois   ∞            v - +1 helmet "Zuira" {Fly rF+ Regen+ SInv}
rElec   +            w - +2 cloak {Will+}
rCorr   +            o - +0 pair of gloves
SInv    +            V - +3 pair of mountain boots {steadfast, rC+}
Will    ++++.        N - amulet "Feir" {Regen+ Slay+2} Stlth
                     J - ring of Suspected Treachery {rC+ rN+ Int+4 Dex+3 Stlth+}
HPRegen 3.11/turn    j - ring "Buduwkai" {+Blink rF+ rN+ rCorr}
MPRegen 0.18/turn

%: no passive effects
@: mighty, about to teleport, marked, strong-willed (expiring), attractive,
flying, mesmerised, regenerating (expiring), hasted, studying Shields, very
quick
A: sickness immunity, AC +19, big wings, negative energy resistance 1,
electricity resistance, torment resistance 1, petrification resistance, deformed
body, dopey 1
}: 3/15 runes: serpentine, barnacled, silver
a: Renounce Religion, Evoke Blink, Berserk, Trog's Hand, Brothers in Arms


You were on level 1 of the Realm of Zot.
You worshipped Trog.
Trog was exalted by your worship.
You visited 9 branches of the dungeon, and saw 41 of its levels.
You visited 1 bazaar.
You also visited: Gauntlet.

You collected 5884 gold pieces.
You spent 4981 gold pieces at shops.

Inventory:

Hand Weapons
 a - the +16 obsidian axe (weapon) {drain, demonic, Mesm Drain Fly SInv}
   (You took it off a minotaur in a Gauntlet)

   Mesm:      Its wielder is mesmerised by any visible foes, and it cannot be
   unequipped while any foes are visible.
   SInv:      It lets you see invisible.
   Fly:       It grants you flight.
   Drain:     It drains your maximum health when unequipped.
 b - a +9 antimagic broad axe
Missiles
 y - 3 throwing nets (quivered)
 T - 7 silver javelins
Armour
 h - the +3 pair of boots "Wyuxtem" {rF+ SInv}
   (You found it on level 5 of the Vaults)

   rF:        It protects you from fire.
   SInv:      It lets you see invisible.
 o - a +0 pair of gloves (worn)
 v - the +1 helmet "Zuira" (worn) {Fly rF+ Regen+ SInv}
   (You bought it in a shop in a bazaar)

   rF:        It protects you from fire.
   SInv:      It lets you see invisible.
   Fly:       It grants you flight.
   Regen:     It increases your rate of health regeneration.
 w - a +2 cloak of willpower (worn)
 C - a +1 tower shield of protection (worn)
 F - +12 gold dragon scales (worn)
 V - the +3 pair of mountain boots (worn) {steadfast, rC+}
   (You found it on level 5 of the Vaults)

   Steadfast: It prevents involuntary movement, except for blinking,
   teleportation, or banishment.
   rC:        It protects you from cold.
Jewellery
 j - the ring "Buduwkai" (right hand) {+Blink rF+ rN+ rCorr}
   (You found it on level 4 of the Shoals)

   [ring of positive energy]

   rF:        It protects you from fire.
   rN:        It protects you from negative energy.
   +Blink:    It lets you blink.
   rCorr:     It protects you from acid and corrosion.
 l - an amulet of reflection
 q - a +4 ring of slaying
 J - the ring of Suspected Treachery (left hand) {rC+ rN+ Int+4 Dex+3 Stlth+}
   (You acquired it on level 4 of the Snake Pit)

   [ring of positive energy]

   Int:       It affects your intelligence (+4).
   Dex:       It affects your dexterity (+3).
   rC:        It protects you from cold.
   rN:        It protects you from negative energy.
   Stlth:     It makes you more stealthy.
 N - the amulet "Feir" (around neck) {Regen+ Slay+2}
   (You found it in a Gauntlet)

   [amulet of regeneration]

   Slay:      It affects your accuracy & damage with ranged weapons and melee
   (+2).
   Regen:     It increases your rate of health regeneration.
 O - a ring of willpower
 Q - a ring of ice
 X - a +5 ring of evasion
Wands
 x - a wand of paralysis (40)
 z - a wand of flame (65)
 A - a wand of quicksilver (32)
 B - a wand of polymorph (11)
 S - a wand of digging (17)
 U - a wand of mindburst (26)
 Y - a wand of roots (16)
Scrolls
 f - 8 scrolls of fear
 g - 11 scrolls of immolation
 i - 18 scrolls of teleportation
 k - 7 scrolls of torment
 p - 12 scrolls of poison
 s - 13 scrolls of blinking
 t - 3 scrolls of silence
 E - 3 scrolls of enchant weapon
 I - 12 scrolls of identify
 K - a scroll of brand weapon
 L - 6 scrolls of magic mapping
 P - 4 scrolls of fog
 Z - a scroll of butterflies
Potions
 c - 8 potions of magic
 d - 17 potions of mutation
 e - 8 potions of heal wounds
 m - 8 potions of lignification
 n - 18 potions of curing
 r - 9 potions of berserk rage
 u - 2 potions of ambrosia
 D - 13 potions of haste
 G - 4 potions of resistance
 H - 4 potions of might
 M - 3 potions of attraction
 W - a potion of cancellation
Miscellaneous
 R - a condenser vane


   Skills:
 O Level 27 Fighting
 - Level 16.0(18.0) Axes
 - Level 15.0(18.4) Maces & Flails
 * Level 24.6 Armour
 - Level 1.5 Dodging
 + Level 23.2 Shields


You had 24 spell levels left.
You didn't know any spells.
Your spell library was empty.

Dungeon Overview and Level Annotations

Branches:
Dungeon (15/15)            Temple (1/1) D:4            Lair (5/5) D:8
 Shoals (4/4) Lair:3        Snake (4/4) Lair:3        Slime (0/5) Lair:5
    Orc (2/2) D:9             Elf (0/3) Orc:2        Vaults (5/5) D:14
  Crypt (0/3) Vaults:3     Depths (4/4) D:15            Zot (1/5) Depths:4
Gauntlet (visited)

Altars:
Ashenzari
Cheibriados
Dithmenos
Elyvilon
Fedhas
Gozag
Hepliaklqana
Kikubaaqudgha
Makhleb
Nemelex Xobeh
Okawaru
Qazlal
Ru
Sif Muna
Trog
Uskayaw
Vehumet
Wu Jian
Xom
Yredelemnul
Zin
The Shining One
Jiyva

Shops:
D:2 [   D:11 (   Orc:2 (:?:   Shoals:2 *   Vaults:2 [[   Vaults:3 [
Vaults:4 !   Vaults:5 !?!(   Depths:2 *(?

Portals:
Hell: Depths:1 Depths:2 Depths:3 Depths:4
Abyss: Depths:1 Depths:4
Pandemonium: Depths:2
Ziggurat: Depths:4


Innate Abilities, Weirdness & Mutations

You are immune to sickness and miasma.
Your stone body is resilient. (AC +19)
You are immune to poison.
Your large and strong wings let you fly.
You resist negative energy. (rN+)
You are resistant to electric shocks. (rElec)
You are resistant to unholy torment.
You are immune to petrification.
Armour fits poorly on your strangely shaped body.
You are dopey. (Int -2)


Message History

The purple draconian hits you from afar with a +0 glaive!
* * * LOW HITPOINT WARNING * * *
The storm dragon bites you but does no damage.
The storm dragon barely misses you. The storm dragon closely misses you.
The moth of wrath's fur bristles in rage as it notices you.
Blink to where?
Press: ? - help, Dir - move target, p - moth of wrath You cannot blink away from the electric golem!
Blink to where?
Press: ? - help, Dir - move target, f - you
Okay, then.
Okay, then.
You feel yourself speed up.
Visions of slaying the storm dragon flood into your mind.
You feel the effects of Trog's Hand fading.
The storm dragon bites you but does no damage.
The storm dragon claws you but does no damage.
You block the storm dragon's attack.
You block the electric golem's attack. x3
The electric golem hits you!
* * * LOW HITPOINT WARNING * * *
The yellow draconian hits you but does no damage.
You block the black draconian's attack.
The red draconian hits you but does no damage.
The moth of wrath bites you but does no damage. x2
The storm dragon bites you but does no damage.
The storm dragon barely misses you.
The storm dragon tramples you but does no damage.
The purple draconian hits you but does no damage.
The storm dragon bites you.
* * * LOW HITPOINT WARNING * * *
The storm dragon claws you but does no damage.
The storm dragon tramples you but does no damage.
The electric golem hits you but does no damage.
You block the electric golem's attack.
The electric golem hits you but does no damage.
The electric golem hits you.
* * * LOW HITPOINT WARNING * * *
The yellow draconian hits you but does no damage.
The black draconian hits you from afar with a +0 glaive!!
You die...

** **,,,**,,,,,,,,,,..,,,,,,,,,
********,..*,..,,,,,,...,,,,,,,,,
**,,,***,..###..,,**#...,,,,,,,,,
,,,,,,,,,....'..,,*#!....********
⌠,,>,,⌠,,...⌠#..*##.!...,,,*
,,,,,,,,,,,..'.###.....#,.,*
**,,,***,,,###d)#.d...##..,******
********,,,#...dDy.§.....>,,,,,,,
** **,,,*#...y@Dy.....,,,,,,,,,
,*****,,,**###.d9....#..,******,*
,,,⌠,,,,**###........#,,,,* **,**
,,,,,,,** #.........§#,,,,***,**
##,>,######...)§#...##,,,,,*,**
.#####....⌠..∩)##...#*,,,,,,**
#.....#.....†.#######*,,,,,**
##...##....^.## *,,,,,*
....###.....## **,,,,*


You could see an electric golem, 2 storm dragons, a black draconian (berserk), a
yellow draconian (berserk, drained), a purple draconian (berserk), a red
draconian (berserk, drained) and 3 moths of wrath.

Vanquished Creatures
  A dread lich (Vaults:5)
  An orb of fire (Zot:1)
  An ancient lich (Vaults:5)
  Mennas (Vaults:2)
  2 juggernauts (Depths:4)
  Vv (Depths:2)
  Bai Suzhen (Shoals:3)
  Boris (Vaults:2)
  Xtahua (Vaults:4)
  14 caustic shrikes
  5 golden dragons
  the Enchantress (Depths:2)
  An electric golem (Zot:1)
  Zenata (Vaults:2)
  2 liches
  5 tentacled monstrosities
  A walking earthen tome (Depths:3)
  3 titans (Vaults:5)
  4 quicksilver dragons
  The ghost of Ceralu the Phalangite, an adept MiFi of Hepliaklqana (Snake:2)
  3 krakens (Shoals:3)
  6 sphinxes
  5 tengu reavers
  A nagaraja (Snake:4)
  A shadow dragon (Zot:1)
  Donald (Shoals:3)
  3 storm dragons
  Ilsuiw (Shoals:2)
  A draconian knight (Zot:1)
  11 fire giants
  2 iron dragons
  7 frost giants
  A deep elf sorcerer (Vaults:5)
  4 draconian scorchers
  2 draconian stormcallers
  A balrug (Depths:1)
  Aizul (Snake:3)
  19 vault wardens
  22 ironbound preservers
  24 very ugly things
  3 spriggan defenders (Depths:2)
  12 stone giants
  The ghost of Arex the Transmogrifier, a journeyman DrTm of Okawaru (Orc:2)
  A reaper (D:13)
  4 vampire knights
  The ghost of Epsin the Fighter, a journeyman MiFi of Okawaru (D:15)
  A red draconian (Zot:1)
  Azrael (D:13)
  2 green draconians
  A deep elf annihilator (Vaults:5)
  3 ironbound thunderhulks
  10 dire elephants
  4 purple draconians
  A minotaur (Gauntlet)
  4 spark wasps
  A deep elf death mage (Vaults:5)
  2 jiangshi (Vaults:3)
  10 ettins
  A green death (Gauntlet)
  3 merfolk javelineers
  6 fire dragons
  2 deep elf high priests (Vaults:5)
  5 merfolk impalers
  8 yaktaur captains
  2 hydras
  4 great orbs of eyes
  2 salamander tyrants
  A peacekeeper (Vaults:1)
  8 ironbound frosthearts
  An ogre mage (D:15)
  4 ice dragons
  36 vault guards
  5 alligator snapping turtles
  A hell beast (Depths:4)
  2 merfolk avatars
  18 two-headed ogres
  10 centaur warriors
  3 catoblepae
  4 spriggan air magi
  7 anacondas
  2 satyrs (Shoals:4)
  4 boulder beetles
  A vampire mage (Depths:1)
  9 deep troll shamans
  8 naga warriors
  7 deep troll earth magi
  12 naga sharpshooters
  3 orc high priests
  7 tengu warriors
  5 spriggan berserkers
  2 hell hogs (Depths:4)
  3 death yaks (Shoals:3)
  6 shock serpents
  2 sun demons
  5 hell knights
  6 soul eaters (Depths:4)
  5 salamander mystics
  4 skysharks
  A spark wasp zombie (Depths:1)
  A fire crab (D:8)
  12 iron trolls
  5 skeletal warriors
  7 sea snakes
  44 deep trolls
  18 ironbound convokers
  45 slime creatures
  3 flayed ghosts
  An orange crystal statue (D:13)
  2 wizards
  4 glowing orange brains
  5 phantasmal warriors
  4 naga ritualists
  8 necromancers
  A swamp dragon (shapeshifter) (Vaults:4)
  12 lindwurms
  6 orc knights
  6 mana vipers
  5 deep elf pyromancers
  33 harpies
  A stone giant zombie (Vaults:5)
  9 manticores
  25 ugly things
  3 cyclopes
  A faun (shapeshifter) (Vaults:5)
  A worldbinder (Gauntlet)
  8 salamanders
  A shadow dragon skeleton (Vaults:5)
  5 moths of wrath (Zot:1)
  9 fauns
  10 elephants
  33 black mambas
  Maurice (D:8)
  An elephant (shapeshifter) (Vaults:5)
  2 guardian serpents (Snake:4)
  18 naga magi
  A torpor snail (Lair:5)
  11 merfolk sirens
  11 vault sentinels
  A sphinx skeleton (Depths:1)
  4 water nymphs
  An orange demon (Gauntlet)
  3 smoke demons
  9 cane toads
  2 kobold demonologists
  An efreet (D:15)
  A centaur skeleton (D:15)
  4 freezing wraiths
  3 rime drakes
  2 tengu conjurers
  11 komodo dragons
  32 yaktaurs
  An ice devil (Gauntlet)
  A blink frog (Lair:3)
  12 merfolk
  A polar bear (Lair:5)
  8 trolls
  2 wind drakes
  A raiju (shapeshifter) (Vaults:5)
  A wolf spider simulacrum (D:14)
  A hornet (shapeshifter) (Depths:3)
  2 hornets
  8 dream sheep
  5 snapping turtles
  2 spriggans
  4 wyverns
  6 water elementals
  3 wraiths
  2 basilisks (Lair:5)
  29 yaks
  A yak (shapeshifter) (Vaults:5)
  2 vampires
  2 steam dragons (Lair:5)
  A fire elemental (D:13)
  A hog (shapeshifter) (Depths:4)
  2 redbacks (Vaults:5)
  18 vampire mosquitoes
  7 water moccasins
  7 wargs
  4 acid dragons
  4 hell hounds (D:13)
  A floating eye (Depths:2)
  35 nagas
  Duvessa (D:6)
  2 sky beasts
  19 orc warriors
  A swamp drake (Lair:5)
  4 black bears
  10 ogres
  5 centaurs
  3 wolves (Lair:5)
  13 boggarts
  4 kobold brigands
  A phantom (D:6)
  14 bullfrogs
  2 scorpions
  15 wights
  Dowan (D:6)
  7 killer bees
  A howler monkey (D:11)
  7 crimson imps (D:9)
  A centaur zombie (D:4)
  A hound (D:6)
  2 gnoll boudas
  Crazy Yiuf (D:7)
  15 orc priests
  11 orc wizards
  A sleepcap (D:7)
  8 iguanas
  12 hell rats
  A boggart skeleton (D:15)
  A hound zombie (D:4)
  9 gnolls
  5 adders
  23 river rats
  A shadow imp (D:6)
  6 white imps
  An adder zombie (D:4)
  2 worms
  2 dart slugs
  58 orcs
  9 ball pythons
  4 bats
  6 endoplasms
  11 goblins
  8 hobgoblins
  12 jackals
  7 quokkas
  A frilled lizard (D:2)
  13 kobolds
  2 quokka zombies (D:4)
  16 rats
  11 tentacles (Shoals:3)
1443 creatures vanquished.

Vanquished Creatures (collateral kills)
  Vashnia (Snake:4)
  A golden dragon (Depths:3)
  Jorgrun (Orc:1)
  A tentacled monstrosity (Vaults:5)
  A walking divine tome (Depths:3)
  Polyphemus (Shoals:3)
  A kraken (Shoals:3)
  2 tengu reavers
  A shadow dragon (Depths:3)
  A storm dragon (Zot:1)
  A nagaraja (Snake:4)
  2 fire giants
  A frost giant (Depths:3)
  3 orc warlords
  2 vault wardens
  2 ironbound preservers
  A very ugly thing (Depths:1)
  4 ironbound thunderhulks
  A purple draconian (Depths:4)
  A black draconian (Depths:4)
  A yellow draconian (Depths:4)
  3 merfolk javelineers
  3 fire dragons
  A merfolk impaler (Shoals:4)
  7 yaktaur captains
  An entropy weaver (shapeshifter) (D:14)
  An ettin (Depths:2)
  A rakshasa (Depths:3)
  A deep elf high priest (Vaults:5)
  An ice dragon (Depths:4)
  4 vault guards
  A salamander tyrant (Snake:4)
  A merfolk avatar (Shoals:3)
  An ogre mage (D:15)
  A hydra (Lair:5)
  2 boulder beetles
  2 anacondas
  2 peacekeepers (Vaults:1)
  A great orb of eyes (Vaults:4)
  An ironbound frostheart (Vaults:3)
  5 centaur warriors
  A catoblepas (Lair:1)
  2 two-headed ogres
  2 satyrs
  2 naga warriors
  A tengu warrior (D:13)
  2 deep troll earth magi
  A hell hog (Depths:4)
  A titan zombie (Vaults:5)
  A death yak (Shoals:3)
  An orc high priest (Orc:2)
  A hell knight (Depths:2)
  7 naga sharpshooters
  A skeletal warrior (D:15)
  2 iron trolls (Depths:3)
  9 deep trolls
  2 naga ritualists
  A swamp dragon (Lair:5)
  2 orc knights
  2 ironbound convokers (Vaults:5)
  2 phantasmal warriors (Vaults:5)
  A lindwurm (Vaults:2)
  A necromancer (Vaults:4)
  An oklob plant (Lair:3)
  11 harpies
  4 orc sorcerers
  6 ugly things
  2 salamanders
  A cyclops (Shoals:3)
  3 manticores
  7 fauns
  5 merfolk sirens
  2 guardian serpents (Snake:4)
  A smoke demon (Depths:4)
  3 naga magi
  6 vault sentinels
  4 elephants
  7 water nymphs
  2 cane toads
  An efreet (D:14)
  10 yaktaurs
  2 komodo dragons
  A polar bear (Lair:1)
  16 merfolk
  A troll (Orc:1)
  3 wind drakes
  A deep troll zombie (Vaults:5)
  7 snapping turtles
  3 blink frogs (Lair:3)
  2 dream sheep (Shoals:4)
  A spriggan zombie (Depths:1)
  14 slime creatures
  A wyvern (Lair:1)
  A basilisk (Lair:5)
  12 yaks
  A redback (Vaults:5)
  A vampire mosquito (D:13)
  An acid dragon (Lair:5)
  5 nagas
  4 water moccasins
  10 orc warriors
  4 boggarts
  3 ogres
  A wolf (Lair:5)
  5 centaurs
  A kobold brigand (Depths:4)
  7 orc priests
  An iguana (Lair:5)
  6 orc wizards (Orc:2)
  5 hell rats
  A boggart skeleton (D:15)
  A gnoll (Orc:2)
  2 river rats (Lair:3)
  11 orcs
  A quokka (Lair:3)
  2 rats
  2 tentacles (Shoals:3)
331 creatures vanquished.

Vanquished Creatures (others)
  A vault warden (Vaults:5)
  A boulder beetle (D:14)
  A deep troll (Vaults:1)
  A moth of wrath (Zot:1)
  A yaktaur (Vaults:5)
  3 water elementals (Depths:1)
  A boggart (Vaults:3)
  An orc priest (D:5)
  17 tentacles (Shoals:3)
27 creatures vanquished.

Grand Total: 1801 creatures vanquished

Notes
Turn   | Place    | Note
-------+----------+-------------------------------------------
     0 | D:1      | greasedhog the Gargoyle Berserker began the quest for the
                  | Orb.
     0 | D:1      | Reached XP level 1. HP: 14/14 MP: 1/1
   134 | D:1      | Reached XP level 2. HP: 19/19 MP: 2/2
   728 | D:2      | Reached XP level 3. HP: 24/24 MP: 3/3
   781 | D:2      | Found a hazy altar of Hepliaklqana.
   860 | D:2      | Found a faded altar of an unknown god.
   967 | D:2      | Found Vuymolin's Antique Armour Boutique.
  1229 | D:2      | Noticed a black bear
  1239 | D:2      | Killed a black bear
  1240 | D:2      | Reached skill level 4 in Fighting
  1240 | D:2      | Reached XP level 4. HP: 21/30 MP: 4/4
  1240 | D:2      | Reached XP level 5. HP: 24/34 MP: 5/5
  1640 | D:2      | Reached skill level 5 in Maces & Flails
  2088 | D:3      | Found an opulent altar of Gozag.
  2138 | D:3      | Reached ** piety under Trog
  2548 | D:4      | Found an ornate altar of the Wu Jian Council.
  2599 | D:4      | Noticed a black bear
  2619 | D:4      | Killed a black bear
  2620 | D:4      | Reached skill level 5 in Fighting
  2620 | D:4      | Reached XP level 6. HP: 40/40 MP: 6/6
  2880 | D:4      | Found a basalt altar of Yredelemnul.
  2987 | D:4      | Reached *** piety under Trog
  2997 | D:4      | Reached XP level 7. HP: 44/44 MP: 7/7
  3023 | D:4      | Found an ancient bone altar of Kikubaaqudgha.
  3066 | D:4      | Found a staircase to the Ecumenical Temple.
  3125 | Temple   | Entered the Ecumenical Temple
  3327 | D:4      | Found a glowing golden altar of the Shining One.
  3477 | D:5      | Entered Level 5 of the Dungeon
  3635 | D:5      | Reached skill level 6 in Fighting
  3737 | D:5      | Reached XP level 8. HP: 46/52 MP: 8/8
  4116 | D:5      | Found a shimmering blue altar of Sif Muna.
  4442 | D:6      | Identified the +1 leather armour "Ikyffeej" {Dex+6 Stlth+}
  4590 | D:6      | Noticed a yak
  4590 | D:6      | Noticed a yak
  4602 | D:6      | Killed a yak
  4606 | D:6      | Killed a yak
  4607 | D:6      | Reached skill level 7 in Fighting
  4634 | D:6      | Noticed a yak
  4649 | D:6      | Killed a yak
  4895 | D:6      | Noticed Duvessa
  4895 | D:6      | Noticed Dowan
  4915 | D:6      | Killed Duvessa
  4916 | D:6      | Reached XP level 9. HP: 56/59 MP: 9/9
  4923 | D:6      | Killed Dowan
  5330 | D:6      | Reached skill level 8 in Fighting
  5402 | D:6      | Found a shadowy altar of Dithmenos.
  5433 | D:6      | Reached skill level 10 in Maces & Flails
  5771 | D:7      | Found a runed translucent door.
  5772 | D:7      | Noticed Crazy Yiuf
  5841 | D:7      | Killed Crazy Yiuf
  5888 | D:7      | Reached **** piety under Trog
  6065 | D:7      | Found a bloodstained altar of Trog.
  6304 | D:7      | Found a blossoming altar of Fedhas.
  6389 | D:7      | Found a white marble altar of Elyvilon.
  6899 | D:8      | Found an iron altar of Okawaru.
  6917 | D:8      | Reached skill level 5 in Armour
  6955 | D:8      | Noticed a fire crab
  6956 | D:8      | Found a staircase to the Lair.
  7088 | D:8      | Killed a fire crab
  7089 | D:8      | Reached XP level 10. HP: 31/64 MP: 10/10
  7201 | D:8      | Found a stormy altar of Qazlal.
  7444 | D:8      | Found a burning altar of Makhleb.
  7477 | D:8      | Noticed Maurice
  7487 | D:8      | Killed Maurice
  7585 | D:8      | Found a hide-covered altar of Uskayaw.
  7720 | D:9      | Found a staircase to the Orcish Mines.
  7987 | D:9      | Found a hazy altar of Hepliaklqana.
  8333 | D:9      | Noticed a two-headed ogre
  8342 | D:9      | Killed a two-headed ogre
  8422 | D:9      | Found a broken altar of Ashenzari.
  8624 | D:9      | Reached ***** piety under Trog
  8830 | D:9      | Noticed a kobold demonologist
  8843 | D:9      | Killed a kobold demonologist
  8844 | D:9      | Reached XP level 11. HP: 68/68 MP: 11/11
  8892 | D:10     | Entered Level 10 of the Dungeon
  9552 | D:10     | Noticed a two-headed ogre
  9561 | D:10     | Killed a two-headed ogre
  9663 | Lair:1   | Entered Level 1 of the Lair of Beasts
  9703 | Lair:1   | Found a gate leading to a gauntlet.
  9720 | Gauntlet | Entered a Gauntlet
  9720 | Gauntlet | Found a transporter.
  9720 | Gauntlet | Found a transporter.
  9720 | Gauntlet | Found a runed translucent gate.
  9724 | Gauntlet | Found a transporter.
  9724 | Gauntlet | Found a transporter.
  9724 | Gauntlet | Noticed an oklob plant
  9725 | Gauntlet | Found a runed translucent gate.
  9725 | Gauntlet | Noticed a worldbinder
  9726 | Gauntlet | Found a runed translucent gate.
  9727 | Gauntlet | Found a transporter.
  9767 | Gauntlet | Found a transporter.
  9769 | Gauntlet | Found a transporter.
  9769 | Gauntlet | Found a transporter.
  9771 | Gauntlet | Noticed a glowing orange brain
  9772 | Gauntlet | Noticed a brown ugly thing
  9773 | Gauntlet | Noticed a green death
  9781 | Gauntlet | Found a transporter.
  9796 | Gauntlet | Found a transporter.
  9797 | Gauntlet | Noticed a green ugly thing
  9800 | Gauntlet | Found a runed translucent door.
  9807 | Gauntlet | Found a transporter.
  9810 | Gauntlet | Noticed a balrug
  9824 | Gauntlet | Found a transporter.
  9841 | Gauntlet | Found a transporter.
  9841 | Gauntlet | Noticed a tengu warrior
  9856 | Gauntlet | Found a transporter.
  9917 | Gauntlet | Killed a worldbinder
 10298 | Gauntlet | Killed a green death
 10390 | Gauntlet | Identified the amulet "Feir" {Regen+ Slay+2}
 10428 | Gauntlet | Identified the -1 kite shield of the Cartwright {-Tele
                  | rElec rN+ Dex+2}
 10428 | Gauntlet | Noticed a minotaur
 10438 | Gauntlet | Killed a minotaur
 10439 | Gauntlet | Reached skill level 15 in Maces & Flails
 10480 | Gauntlet | Identified the +2 barding of Rete {rC+}
 10480 | Gauntlet | Identified the +0 ring mail "Kuusiu Zuta" {Harm Will+
                  | Dex+2}
 10553 | Lair:1   | Reached skill level 1 in Axes
 10561 | Lair:1   | Reached XP level 12. HP: 26/73 MP: 12/12
 10562 | Lair:1   | Reached skill level 10 in Armour
 10697 | Lair:1   | Found an ancient bone altar of Kikubaaqudgha.
 10946 | Lair:1   | Noticed a catoblepas
 10953 | Lair:1   | Killed a catoblepas
 10954 | Lair:1   | Reached skill level 5 in Axes
 11173 | Lair:2   | Received a gift from Trog
 11290 | Lair:2   | Reached skill level 1 in Shields
 11560 | Lair:2   | Found a shadowy altar of Dithmenos.
 11596 | Lair:2   | Noticed a catoblepas
 11604 | Lair:2   | Killed a catoblepas
 11865 | Lair:2   | Noticed a skyshark
 11874 | Lair:2   | Killed a skyshark
 12171 | Lair:3   | Found a staircase to the Snake Pit.
 12252 | Lair:3   | Found a staircase to the Shoals.
 12284 | Lair:3   | Noticed a seven-headed hydra
 12290 | Lair:3   | Killed a nine-headed hydra
 12300 | Lair:3   | Reached skill level 5 in Shields
 12309 | Lair:3   | Reached XP level 13. HP: 78/78 MP: 13/13
 12655 | Lair:3   | Received a gift from Trog
 13318 | Lair:4   | You are sucked into a shaft and drop 1 floor!
 13318 | Lair:5   | Entered Level 5 of the Lair of Beasts
 13329 | Lair:5   | Reached skill level 10 in Axes
 13377 | Lair:5   | Reached skill level 9 in Fighting
 13423 | Lair:5   | Found a staircase to the Slime Pits.
 13423 | Lair:5   | Found a viscous altar of Jiyva.
 14706 | Lair:5   | Reached skill level 10 in Fighting
 14707 | Lair:5   | Reached ****** piety under Trog
 14732 | Lair:5   | Gained mutation: Your large and strong wings let you fly.
                  | [Gargoyle growth]
 14732 | Lair:5   | Reached XP level 14. HP: 83/88 MP: 14/14
 15488 | Orc:1    | Entered Level 1 of the Orcish Mines
 15497 | Orc:1    | Noticed an orc warlord
 15500 | Orc:1    | Paralysed by an orc sorcerer for 5 turns
 15516 | Orc:1    | Killed an orc warlord
 15799 | Orc:2    | Entered Level 2 of the Orcish Mines
 15820 | Orc:2    | Reached skill level 11 in Fighting
 15897 | Orc:2    | Received a gift from Trog
 16049 | Orc:2    | Found a runed translucent door.
 16052 | Orc:2    | Noticed Arex's ghost (journeyman DrTm)
 16152 | Orc:2    | Found Hadghen's Antique Weapon Emporium.
 16152 | Orc:2    | Found Yxtog's Book Shop.
 16157 | Orc:2    | Found Vereus's Book Shop.
 16157 | Orc:2    | Found Ampaiqot's Magic Scroll Emporium.
 16168 | Orc:2    | Bought a scroll of identify for 26 gold pieces
 16168 | Orc:2    | Bought 3 scrolls of identify for 78 gold pieces
 16168 | Orc:2    | Bought a scroll of identify for 26 gold pieces
 16168 | Orc:2    | Bought a scroll of immolation for 52 gold pieces
 16168 | Orc:2    | Bought a scroll of poison for 52 gold pieces
 16168 | Orc:2    | Bought a scroll of fog for 52 gold pieces
 16439 | Orc:2    | Found a staircase to the Elven Halls.
 16533 | Orc:2    | Killed Arex's ghost
 16591 | Orc:1    | Noticed Jorgrun
 16601 | Orc:1    | Killed Jorgrun
 16829 | D:11     | Reached skill level 12 in Fighting
 17111 | D:11     | Reached XP level 15. HP: 96/96 MP: 15/15
 17323 | D:11     | Found Toifitei's Weapon Emporium.
 17370 | D:11     | Found a blossoming altar of Fedhas.
 17706 | D:12     | Received a gift from Trog
 18552 | D:13     | Noticed Azrael
 18561 | D:13     | Killed Azrael
 18572 | D:13     | Found the +5 scythe "Finisher" {speed, execute}
 18649 | D:13     | Reached skill level 15 in Axes
 18759 | D:13     | Reached skill level 13 in Fighting
 18851 | D:13     | Found a gateway to a bazaar.
 18860 | Bazaar   | Entered a bazaar
 18860 | Bazaar   | Found Finem's Book Boutique.
 18872 | Bazaar   | Found Mugicz Xecy's Antique Weapon Boutique.
 18883 | Bazaar   | Found Pysuemm's Antique Armour Emporium.
 18891 | Bazaar   | Bought an embroidered cloak for 187 gold pieces
 18893 | Bazaar   | Found Vyrin's General Store.
 18901 | Bazaar   | Bought the +1 helmet "Zuira" {Fly rF+ Regen+ SInv} for 268
                  | gold pieces
 18901 | Bazaar   | Bought a potion of curing for 27 gold pieces
 18901 | Bazaar   | Bought a scroll of immolation for 36 gold pieces
 18901 | Bazaar   | Bought a potion of ambrosia for 72 gold pieces
 18935 | Bazaar   | Found Wywn's Distillery.
 18943 | Bazaar   | Bought a potion of degeneration for 8 gold pieces
 18943 | Bazaar   | Bought a potion of brilliance for 32 gold pieces
 18943 | Bazaar   | Bought 2 potions of haste for 160 gold pieces
 18943 | Bazaar   | Bought a potion of mutation for 64 gold pieces
 19177 | D:14     | Received a gift from Trog
 19534 | D:14     | Found a gate to the Vaults.
 19739 | D:15     | Entered Level 15 of the Dungeon
 19835 | D:15     | Paralysed by an ogre mage for 2 turns
 19841 | D:15     | Reached skill level 14 in Fighting
 19851 | D:15     | Found a broken altar of Ashenzari.
 19932 | D:15     | Reached XP level 16. HP: 104/106 MP: 16/16
 20012 | D:15     | Identified the +6 great mace "Taem" {freeze, Fragile Will++
                  | Stlth+}
 20013 | D:15     | Found a transporter.
 20013 | D:15     | Noticed Epsin's ghost (journeyman MiFi)
 20015 | D:15     | Found a transporter.
 20532 | D:15     | Found a staircase to the Depths.
 20626 | D:15     | Reached skill level 15 in Fighting
 20628 | D:15     | Killed Epsin's ghost
 20641 | D:15     | Identified the staff of death "Roufitoc" {Fly rN+ MP+9
                  | Str-4 Int+6}
 20890 | Snake:1  | Entered Level 1 of the Snake Pit
 21303 | Snake:1  | Received a gift from Trog
 21991 | Snake:2  | Reached skill level 16 in Fighting
 22163 | Snake:2  | Found a sacrificial altar of Ru.
 22386 | Snake:2  | Noticed Ceralu's ghost (adept MiFi)
 22389 | Snake:2  | Found a runed translucent door.
 22416 | Snake:2  | Killed Ceralu's ghost
 22707 | Snake:3  | Reached skill level 17 in Fighting
 22901 | Snake:3  | Reached XP level 17. HP: 117/117 MP: 17/17
 23116 | Snake:3  | Received a gift from Trog
 23210 | Snake:3  | Noticed Aizul
 23233 | Snake:3  | Killed Aizul
 23405 | Snake:3  | Reached skill level 18 in Fighting
 23636 | Snake:4  | Entered Level 4 of the Snake Pit
 23640 | Snake:4  | Identified a scroll of acquirement
 23641 | Snake:4  | Acquired the ring of Suspected Treachery {rC+ rN+ Int+4
                  | Dex+3 Stlth+}
 24101 | Snake:4  | Noticed Vashnia
 24130 | Snake:4  | Killed Vashnia
 24130 | Snake:4  | Received a gift from Trog
 24209 | Snake:4  | Reached skill level 19 in Fighting
 24280 | Snake:4  | Noticed a quicksilver dragon
 24292 | Snake:4  | Killed a quicksilver dragon
 24295 | Snake:4  | Noticed a quicksilver dragon
 24303 | Snake:4  | Killed a quicksilver dragon
 24375 | Snake:4  | Got a serpentine rune of Zot
 24626 | Shoals:1 | Entered Level 1 of the Shoals
 24743 | Shoals:1 | Reached XP level 18. HP: 117/129 MP: 18/18
 24946 | Shoals:1 | Received a gift from Trog
 25354 | Shoals:1 | Reached skill level 20 in Fighting
 26033 | Shoals:2 | Received a gift from Trog
 26140 | Shoals:2 | Noticed Ilsuiw
 26144 | Shoals:2 | Found Wimojaif's General Store.
 26151 | Shoals:2 | Found Mikutz's Specific Store.
 26161 | Shoals:2 | Killed Ilsuiw
 26196 | Shoals:2 | Bought a scroll of blinking for 105 gold pieces
 26196 | Shoals:2 | Bought a scroll of teleportation for 42 gold pieces
 26200 | Shoals:2 | Bought a scroll of identify for 32 gold pieces
 26495 | Shoals:3 | Noticed Donald
 26500 | Shoals:3 | Reached skill level 21 in Fighting
 26505 | Shoals:3 | Killed Donald
 26559 | Shoals:3 | Noticed Bai Suzhen
 26574 | Shoals:3 | Killed Bai Suzhen
 26954 | Shoals:3 | Noticed Polyphemus
 26974 | Shoals:3 | Killed Polyphemus
 27427 | Shoals:4 | Entered Level 4 of the Shoals
 27436 | Shoals:4 | Reached XP level 19. HP: 113/139 MP: 19/19
 27439 | Shoals:4 | Reached skill level 10 in Shields
 27457 | Shoals:4 | Reached skill level 22 in Fighting
 27493 | Shoals:4 | Received a gift from Trog
 27550 | Shoals:4 | Identified the ring "Buduwkai" {+Blink rF+ rN+ rCorr}
 27911 | Shoals:4 | Got a barnacled rune of Zot
 27920 | Shoals:4 | Identified the ring "Lias" {rElec rPois rF+}
 27993 | Shoals:4 | Identified the staff of earth "Sotoil" {rPois}
 28496 | Vaults:1 | Entered Level 1 of the Vaults
 28527 | Vaults:1 | Received a gift from Trog
 28701 | Vaults:1 | Reached skill level 23 in Fighting
 28885 | Vaults:1 | Acquired a manual of Shields
 28956 | Vaults:1 | Identified the +2 long sword of the Harvest {elec, rN+}
 28969 | Vaults:1 | Received a gift from Trog
 28969 | Vaults:1 | Found the +4 consecrated labrys {holy, Valiant Fragile Fly
                  | SInv}
 29033 | Vaults:1 | Reached XP level 20. HP: 123/150 MP: 20/20
 29373 | Vaults:1 | Reached skill level 24 in Fighting
 29648 | Vaults:2 | Found Zicoad's Armour Boutique.
 29748 | Vaults:2 | Noticed Mennas
 29761 | Vaults:2 | Killed Mennas
 30064 | Vaults:2 | Received a gift from Trog
 30159 | Vaults:2 | Noticed Zenata
 30171 | Vaults:2 | Killed Zenata
 30204 | Vaults:2 | Reached skill level 15 in Shields
 30458 | Vaults:2 | Reached skill level 25 in Fighting
 30562 | Vaults:2 | Received a gift from Trog
 30581 | Vaults:2 | Found Utyem's Antique Armour Emporium.
 30588 | Vaults:2 | Bought a shimmering plate armour for 728 gold pieces
 30588 | Vaults:2 | Identified the +0 plate armour of Juiwyh {Contam rCorr
                  | Int+3 Stlth+} (You bought it in a shop on level 2 of the
                  | Vaults)
 30734 | Vaults:2 | Noticed Boris
 30749 | Vaults:2 | Killed Boris
 31235 | Vaults:3 | Reached XP level 21. HP: 151/159 MP: 21/21
 31248 | Vaults:3 | Received a gift from Trog
 31430 | Vaults:3 | Found Wanuled's Antique Armour Boutique.
 31439 | Vaults:3 | Bought a pair of glowing boots for 315 gold pieces
 31668 | Vaults:3 | Found a staircase to the Crypt.
 31810 | Vaults:3 | Reached skill level 26 in Fighting
 32175 | Vaults:4 | Found Zoumeorph's Distillery.
 32179 | Vaults:4 | Bought a potion of heal wounds for 95 gold pieces
 32179 | Vaults:4 | Bought a potion of haste for 190 gold pieces
 32328 | Vaults:4 | Noticed Xtahua
 32336 | Vaults:4 | Killed Xtahua
 32383 | Vaults:4 | Identified the +0 glaive of the Depths {speed, SInv}
 32496 | Vaults:4 | Received a gift from Trog
 32744 | Vaults:4 | Reached skill level 15 in Armour
 33237 | Vaults:4 | Received a gift from Trog
 33377 | Depths:1 | Entered Level 1 of the Depths
 33391 | Depths:1 | Reached skill level 27 in Fighting
 33757 | Depths:1 | Identified the +6 scale mail of Bitterness {rPois rCorr
                  | Int+3}
 33814 | Depths:1 | Reached XP level 22. HP: 169/169 MP: 22/22
 34054 | Depths:1 | Found a gateway to Hell.
 34297 | Depths:1 | Found a one-way gate to the infinite horrors of the Abyss.
 34368 | Depths:2 | Found Buhinuj's Magic Scroll Shoppe.
 34368 | Depths:2 | Found Yzaquece's Antique Weapon Emporium.
 34385 | Depths:2 | Bought a scroll of identify for 42 gold pieces
 34486 | Depths:2 | Identified the staff of fire "Uniappod" {+Blink rF+}
 34576 | Depths:2 | Received a gift from Trog
 34604 | Depths:2 | Noticed the Enchantress
 34634 | Depths:2 | Killed the Enchantress
 35199 | Depths:2 | Found a shadowy altar of Dithmenos.
 35264 | Depths:2 | Noticed Vv
 35291 | Depths:2 | Killed Vv
 35335 | Depths:2 | Found Vudod's General Store.
 35343 | Depths:2 | Bought a scroll of enchant armour for 157 gold pieces
 35402 | Depths:2 | Found a one-way gate leading to the halls of Pandemonium.
 35864 | Depths:3 | Noticed a golden dragon
 35875 | Depths:3 | Noticed a caustic shrike
 35880 | Depths:3 | Killed a golden dragon
 35896 | Depths:3 | Killed a caustic shrike
 35896 | Depths:3 | Received a gift from Trog
 35941 | Depths:3 | Noticed a golden dragon
 35948 | Depths:3 | Killed a golden dragon
 36176 | Depths:3 | You are sucked into a shaft and drop 1 floor!
 36176 | Depths:4 | Entered Level 4 of the Depths
 36324 | Depths:4 | Noticed a caustic shrike
 36327 | Depths:4 | Noticed a caustic shrike
 36329 | Depths:4 | Reached XP level 23. HP: 160/175 MP: 23/23
 36329 | Depths:4 | Noticed a caustic shrike
 36329 | Depths:4 | Noticed a caustic shrike
 36329 | Depths:4 | Noticed a caustic shrike
 36341 | Depths:4 | Killed a caustic shrike
 36346 | Depths:4 | Killed a caustic shrike
 36348 | Depths:4 | Killed a caustic shrike
 36355 | Depths:4 | Killed a caustic shrike
 36359 | Depths:4 | Killed a caustic shrike
 36493 | Depths:4 | Received a gift from Trog
 36665 | Depths:4 | Noticed a golden dragon
 36678 | Depths:4 | Killed a golden dragon
 36688 | Depths:4 | Found a one-way gateway to a ziggurat.
 36735 | Depths:4 | Found a gate to the Realm of Zot.
 36749 | Depths:4 | Noticed a caustic shrike
 36751 | Depths:4 | Noticed a caustic shrike
 36751 | Depths:4 | Noticed a caustic shrike
 36761 | Depths:4 | Killed a caustic shrike
 36768 | Depths:4 | Killed a caustic shrike
 36775 | Depths:4 | Killed a caustic shrike
 36801 | Depths:4 | Noticed a caustic shrike
 36803 | Depths:4 | Noticed a caustic shrike
 36805 | Depths:4 | Noticed a caustic shrike
 36806 | Depths:4 | Noticed a caustic shrike
 36808 | Depths:4 | Noticed a caustic shrike
 36818 | Depths:4 | Killed a caustic shrike
 36819 | Depths:4 | Killed a caustic shrike
 36820 | Depths:4 | Killed a caustic shrike
 36820 | Depths:4 | Killed a caustic shrike
 36823 | Depths:4 | Killed a caustic shrike
 36856 | Depths:4 | Noticed a juggernaut
 36872 | Depths:4 | Killed a juggernaut
 36894 | Depths:4 | Found a hide-covered altar of Uskayaw.
 36912 | Depths:4 | Noticed a juggernaut
 36922 | Depths:4 | Killed a juggernaut
 37437 | Vaults:5 | Entered Level 5 of the Vaults
 37450 | Vaults:5 | Noticed a golden dragon
 37454 | Vaults:5 | Received a gift from Trog
 37454 | Vaults:5 | Noticed an ancient lich
 37459 | Vaults:5 | Reached XP level 24. HP: 159/181 MP: 23/23
 37463 | Vaults:5 | Killed an ancient lich
 37509 | Vaults:5 | Received a gift from Trog
 37533 | Vaults:5 | Identified the +4 trident of Ravage {freeze, *Corrode rF+
                  | Str+4}
 37632 | Vaults:5 | Found Duejiukobe's Distillery.
 37660 | Vaults:5 | Bought 2 potions of resistance for 380 gold pieces
 37660 | Vaults:5 | Bought 2 potions of mutation for 304 gold pieces
 37660 | Vaults:5 | Bought a potion of mutation for 152 gold pieces
 37741 | Vaults:5 | Found Nulim's Distillery.
 37741 | Vaults:5 | Noticed a dread lich
 37757 | Vaults:5 | Killed a dread lich
 37794 | Vaults:5 | Bought a potion of experience for 1100 gold pieces
 37794 | Vaults:5 | Reached XP level 25. HP: 187/187 MP: 23/23
 37976 | Vaults:5 | Identified the +2 plate armour of the Spheres {+Blink}
 37985 | Vaults:5 | Identified the +3 pair of boots "Wyuxtem" {rF+ SInv}
 38018 | Vaults:5 | Identified the staff of earth "Maxotyenk" {rC+}
 38365 | Vaults:5 | Identified the +3 broad axe "Huwkeut" {drain, rF+}
 38508 | Vaults:5 | Found Xeuzeocewi's Magic Scroll Shoppe.
 38513 | Vaults:5 | Bought a scroll of magic mapping for 142 gold pieces
 38513 | Vaults:5 | Bought a scroll of teleportation for 57 gold pieces
 38581 | Vaults:5 | Found Huoryvul's Weapon Shoppe.
 38646 | Vaults:5 | Found the +3 pair of mountain boots {steadfast, rC+}
 38670 | Vaults:5 | Got a silver rune of Zot
 38918 | Zot:1    | Entered Level 1 of the Realm of Zot
 38918 | Zot:1    | Noticed an orb of fire
 38923 | Zot:1    | Gained mutation: Armour fits poorly on your strangely
                  | shaped body. [an orb of fire]
 38932 | Zot:1    | Gained mutation: You are dopey. (Int -2) [an orb of fire]
 38942 | Zot:1    | Killed an orb of fire
 39026 | Zot:1    | Received a gift from Trog
 39051 | Zot:1    | Mangled by a black draconian

Illustrated notes

Levels and vault maps discovered:
D:1:      psy_arrival_basics, layout_loops_cross
D:2:      layout_basic, dilly_ecumenical_altar_fadedgnrine, serial_shops,
          nicolae_shop_just_a_little_nook, basic_altar
D:3:      cheibrodos_greedy_goblins, layout_rooms, nicolae_gozag_seed_capital,
          kennysheep_minor_cross, minmay_crystal_room, st_stairs_13,
          kennysheep_doodads, glass_columns_b
D:4:      layout_cave_pools, nicolae_yredelemnul_corpse_copse,
          general_overflow_altar, nicolae_wu_jian_wuxing_cycle,
          mainiacjoe_overflow_boulevard, minmay_temple_entry_enclosed_plants
D:5:      layout_basic, mainiacjoe_overflow_surrounded_room, kennysheep_path_1
D:6:      layout_loops_corners, nicolae_overflow_hidden_temple,
          kennysheep_nondescript, corner_web_ring,
          chequers_serial_rivers_small_b, uniq_duvessa
D:7:      layout_basic, mainiacjoe_overflow_tiny_flanked,
          overflow_temple_1_default, lemuel_tele_altar, uniq_crazy_yiuf_cottage
D:8:      layout_basic, nicolae_qazlal_eye_of_the_storm,
          okawaru_metal_pillars_1_2, lemuel_coloured_pillars_altar,
          marbit_many_paths, minmay_lair_entry_lava, serial_curves,
          eino_curves_01, eino_curves_03, uniq_maurice
D:9:      layout_irregular_city, mainiacjoe_overflow_six_doors_small,
          kennysheep_mini_moat, minmay_orc_entry_guard_dogs, minmay_holes,
          minmay_nine_imps
D:10:     layout_basic, kennysheep_generic_room_15
D:11:     layout_roguey, serial_shops, nicolae_shop_mannequins,
          fedhas_altar_fruit_tree
D:12:     layout_loops_ring, grunt_ministairs_3
D:13:     layout_roguey, serial_shops, statue_bzr,
          minmay_guarded_unrand_finisher, uniq_azrael
D:14:     layout_small_grid, david_vaults_1
D:15:     grunt_enter_depths_magical_seal, layout_gridville,
          gammafunk_ghost_smash, serial_park_tiny_2, minmay_misc_feat_tiny,
          ashenzari_conservatory_becter
Temple:   hellmonk_temple_beads
Lair:1:   layout_misc_corridors, gauntlet_entry_generic, lemuel_centaur_altar,
          lemuel_fruit_fields, grunt_megastairs_2
Lair:2:   layout_small_grid, basic_altar
Lair:3:   lemuel_ratsnest, layout_regular_city, shoals_dummy_entry,
          guppyfry_snake_entry_island
Lair:4:   layout_layer_cave, kennysheep_abandoned_house
Lair:5:   guppyfry_lair_end_dragon, layout_cave_pods, wormcave, slime_entry_1
Shoals:1: layout_shoals, nicolae_shoals_wave_tunnel
Shoals:2: layout_shoals, nicolae_specific_store, uniq_ilsuiw
Shoals:3: layout_shoals, nicolae_shoals_kraken_party, uniq_donald,
          uniq_polyphemus, uniq_bai_suzhen
Shoals:4: shoals_end_grunt_garden, layout_shoals
Snake:1:  layout_grid_maze
Snake:2:  layout_gridlike, hellmonk_ghost_happy_afterlife, basic_altar,
          serial_bayou_shore_a
Snake:3:  layout_misc_corridors, grunt_ministairs_1, uniq_aizul
Snake:4:  hellmonk_snake_rune_quicksilver_temple, layout_onion_interference,
          st_stairs_6, uniq_vashnia
Orc:1:    layout_caves, mumra_transporter_accident, uniq_jorgrun
Orc:2:    grunt_orc_tribal_feast, layout_caves, ebering_ghost_reflecting_pool
Vaults:1: vaults_room_grid, vaults_mumra_hexcomb, vaults_standard_mumra_x,
          v_pattern_2, nicolae_vaults_inception_statues,
          nicolae_vaults_wrenched, hangedman_vaults_hat, hangedman_vaults_maws,
          vaults_mumra_chevron, nicolae_vaults_rhombus_5,
          vaults_room_hangedman_quadrants, nicolae_vaults_diagonal_hallway_7,
          v_alt_pattern_1, layout_vaults_omnibox
Vaults:2: v_rooms_2, nicolae_vaults_taking_the_gang_shopping,
          ontoclasm_vaults_bender, nicolae_vaults_trapezoid_lopsided_3,
          vaults_mumra_chevron_long, nicolae_vaults_twisting_passages,
          hangedman_vaults_nails, nicolae_vaults_oval_intersection,
          nicolae_vaults_big_angled_halls, v_misc_27, st_lattice,
          layout_vaults_big_cross, serial_shops, shop, uniq_boris, uniq_mennas,
          uniq_zenata
Vaults:3: minmay_crypt_entry_simple_walls, nicolae_vaults_little_squares_1,
          vaults_dpeg_diagonal, vaults_room_pool,
          nicolae_vaults_yaktaur_gun_rack, nicolae_vaults_prndl,
          nicolae_vaults_tetromino_L_2, nicolae_vaults_heist,
          nicolae_vaults_tangram_1, layout_vaults_quadrants, serial_shops,
          nicolae_shop_peninsula
Vaults:4: nicolae_vaults_trapezoid_4, v_pattern_4, nicolae_vaults_double_plus_3,
          hangedman_vaults_stream, nicolae_vaults_tangram_2,
          nicolae_vaults_octothorpe, v_misc_5,
          nicolae_vaults_trapezoid_lopsided_3, ontoclasm_vaults_twist,
          nicolae_vaults_tetromino_L_1, nicolae_vaults_stepped_doors,
          nicolae_vaults_tetromino_T_1, nicolae_vaults_trapezoid_3,
          nicolae_vaults_sightless_eye, nicolae_vaults_fighting_squares,
          v_misc_31, layout_vaults_maze_snakey, serial_shops, shop_statue,
          uniq_xtahua
Vaults:5
Depths:1: layout_basic, abyss_entry_small_statue_room,
          chequers_serial_rivers_small_3, lightli_too_deep,
          dreamdust_wishing_well, minivault_11, minmay_misc_feat_plants,
          nrook_mini_vaults, kennysheep_decorative_pillar, hex_tiny,
          grunt_decor_fettered, roderic_roman_lattice, corexii_corridor_pit,
          lemuel_freeze_loot_1
Depths:2: kennysheep_cluttered_fort, layout_gridlike, grunt_hell_entry_dis_mu,
          serial_shops, nicolae_shop_competitors_out_of_business,
          rand_demon_pan_entry_9, nicolae_dithmenos_the_darkroom,
          infiniplex_staircase_spiral, minmay_shoptagon, uniq_enchantress,
          uniq_vv
Depths:3: minmay_crescents, layout_gridlike, nicolae_elevator_lobby_asterisk,
          hell_entry, abyss_entry, grunt_ministairs_8
Depths:4: grunt_zot_entry_funnels, layout_gridville, enter_ziggurat_f,
          hellmouth_3, nicolae_uskayaw_suspiria, marbit_kobold_abyss_entry,
          hangedman_decor_growths
Zot:1:    layout_misc_corridors, grunt_megastairs_5

Skill      XL: |  1  2  3  4  5  6  7  8  9 10 11 12 13 14 15 16 17 18 19 20 21 22 23 24 25 |
---------------+----------------------------------------------------------------------------+-----
Fighting       | 4 5 6 7 8 10 12 14 17 19 21 23 25 27 | 27.0
Maces & Flails | 4 5 6 7 9 12 13 15 | 15.0
Armour         | 5 7 9 10 12 14 16 19 21 23 24 | 24.6
Axes           | 3 8 11 14 16 | 16.0
Shields        | 5 6 9 13 16 18 19 20 21 23 | 23.2
Dodging        | |  1.5

Action                     |  1- 3 |  4- 6 |  7- 9 | 10-12 | 13-15 | 16-18 | 19-21 | 22-24 | 25-27 || total
---------------------------+-------+-------+-------+-------+-------+-------+-------+-------+-------++-------
  Melee: Mace              |    72 |   111 |       |       |       |       |       |       |       ||   183
         Flail             |       |    43 |   218 |       |       |       |       |       |       ||   261
         Morningstar       |       |       |    92 |   249 |       |       |       |       |       ||   341
         Broad axe         |       |       |       |   105 |   598 |   750 |   928 |   760 |   234 ||  3375
 Invoke: Berserk           |     1 |     1 |     1 |     2 |     1 |       |     1 |     3 |       ||    10
         Trog's Hand       |       |       |       |     3 |     5 |     4 |     2 |     7 |     3 ||    24
         Brothers in Arms  |       |       |       |       |     2 |       |     1 |     6 |     2 ||    11
  Evoke: Wand              |       |       |       |     9 |       |       |       |       |       ||     9
    Use: Scroll            |       |     3 |     3 |     3 |    10 |    10 |     7 |    14 |     3 ||    53
         Potion            |       |       |       |       |     3 |       |     2 |    10 |     5 ||    20
   Stab: Sleeping          |     1 |       |       |       |       |       |     2 |       |       ||     3
         Distracted        |       |       |       |     2 |     5 |    10 |    12 |    10 |     4 ||    43
         Petrified         |       |       |       |       |     2 |     2 |       |       |       ||     4
         Petrifying        |       |       |       |       |     1 |       |       |       |       ||     1
         Invisible         |       |       |       |       |       |       |       |     6 |       ||     6
 Armour: Animal skin       |     7 |       |       |       |       |       |       |       |       ||     7
         Chain mail        |    36 |   116 |   114 |       |       |       |       |       |       ||   266
         Plate armour      |       |       |    58 |   271 |   411 |   541 |   443 |   270 |       ||  1994
         Gold dragon scale |       |       |       |       |       |       |       |   110 |   232 ||   342
  Dodge: Dodged            |    43 |    89 |   114 |   139 |   162 |   198 |   134 |   119 |    74 ||  1072
  Block: Buckler           |       |    21 |    26 |    24 |       |       |       |       |       ||    71
         Kite shield       |       |       |       |    36 |   227 |   182 |       |       |       ||   445
         Tower shield      |       |       |       |       |       |   303 |   727 |   604 |   283 ||  1917
